[Event "January 9 Late 2024"]
[Site "https://www.chess.com"]
[Date "2024.01.09"]
[Round "4"]
[White "Lizak, Peter"]
[Black "Sohier, Julien"]
[Result "1/2-1/2"]
[Board "105"]
[TimeControl "180+1"]
[WhiteFideId "731595"]
[BlackFideId "645346"]
[WhiteElo "2642"]
[BlackElo "2357"]
[WhiteTeam "HUN"]
[BlackTeam "FRA"]
[WhiteClock "0:00:34"]
[BlackClock "0:00:19"]

1. d4 d5 2. Nc3 Nf6 3. Bf4 c5 4. e3 cxd4 5. exd4 a6 6. Nf3 Nc6 7. Ne5 Bf5 8. g4 Be6 9. g5 Nxe5 10. dxe5 Ne4 11. Nxe4 dxe4 12. Qxd8+ Rxd8 13. Bg2 Bd5 14. e6 Bxe6 15. Bxe4 Bd5 16. Bxd5 Rxd5 17. Ke2 e5 18. Be3 Bc5 19. c4 Bxe3 20. cxd5 Bd4 21. Rac1 Kd7 22. Rc2 Kd6 23. Rhc1 Kxd5 24. Rc7 h6 25. gxh6 Rxh6 26. Rxf7 Rxh2 27. Rcc7 b5 28. b3 g5 29. a4 bxa4 30. bxa4 g4 31. Kf1 Rh1+ 32. Kg2 Ra1 33. Rfd7+ Ke6 34. Rg7 Rxa4 35. Rc6+ Kf5 36. Rc8 Ra2 37. Rf8+ Ke4 38. Rxg4+ Kd5 39. Rg6 a5 40. Ra6 Kc4 41. Kg3 Kb5 42. Rd6 a4 43. Rd7 a3 44. f4 Bf2+ 45. Kg4 exf4 46. Rf5+ Bc5 47. Rdd5 Rc2 48. Rxf4 a2 49. Rf1 Kc6 50. Rd8 Kb5 51. Ra8 Kc4 52. Ra1 Bd4 53. R1xa2 Rxa2 54. Rxa2 Kd5 55. Re2 Kc4 56. Kf3 Kb5 57. Re8 Bb6 58. Ke4 Ka6 59. Kd5 Kb7 60. Re7+ Ka8 61. Kc6 Ba7 62. Rb7 Bb8 63. Rb1 Ba7 64. Ra1 Kb8 65. Kb5 Ka8 66. Ka6 Bb8 67. Rf1 Bh2 68. Rf7 Bg3 69. Rg7 Bh2 70. Ra7+ Kb8 71. Rh7 Be5 72. Rh5 Bd4 73. Rb5+ Ka8 74. Rb7 Be5 75. Ra7+ Kb8 76. Re7 Bg3 77. Re8+ Kc7 78. Rg8 Bd6 79. Rg4 Be5 80. Rc4+ Kb8 81. Kb5 Kb7 82. Re4 Bg3 83. Re7+ Ka8 84. Ka6 Bf4 85. Rg7 Bh2 86. Rg2 Bf4 87. Rf2 Bg3 88. Rf7 Be5 89. Ra7+ Kb8 90. Re7 Bh2 91. Kb6 Bg1+ 92. Kc6 Bh2 93. Re2 Bg3 94. Rb2+ Ka8 95. Ra2+ Kb8 96. Ra3 Bh2 97. Rh3 Bf4 98. Rh8+ Ka7 99. Rf8 Bh2 100. Rf7+ Ka8 101. Rf2 Bg3 102. Rb2 Bf4 103. Rb5 Bh2 104. Ra5+ 1/2-1/2

[Event "January 9 Late 2024"]
[Site "https://www.chess.com"]
[Date "2024.01.10"]
[Round "4"]
[White "Kargosha, Bahman"]
[Black "Goryachkina, Aleksandra"]
[Result "0-1"]
[Board "106"]
[TimeControl "180+1"]
[WhiteFideId "12503452"]
[BlackFideId "4147103"]
[WhiteElo "2311"]
[BlackElo "2635"]
[WhiteTeam "AUS"]
[BlackTeam "FID"]
[WhiteClock "0:00:00"]
[BlackClock "0:00:15"]

1. d4 Nf6 2. c4 e6 3. Nc3 Bb4 4. e3 O-O 5. Bd2 d5 6. Nf3 Nbd7 7. Bd3 c6 8. Qc2 dxc4 9. Bxc4 Bd6 10. O-O e5 11. dxe5 Nxe5 12. Nxe5 Bxe5 13. f4 Bc7 14. Rad1 Qe7 15. Bd3 Bg4 16. Rde1 Rad8 17. Bc1 Qd7 18. Bc4 b5 19. Bb3 c5 20. Qf2 c4 21. Bc2 b4 22. Ne2 Bf5 23. Ng3 Bd3 24. Rd1 Bb6 25. Qd2 Ng4 26. Rf3 Rfe8 27. Bxd3 cxd3 28. Qxb4 Nxe3 29. Bxe3 Rxe3 30. Rxe3 Bxe3+ 31. Kh1 h6 32. Qe4 Bb6 0-1

[Event "January 9 Late 2024"]
[Site "https://www.chess.com"]
[Date "2024.01.09"]
[Round "4"]
[White "Erigaisi Arjun"]
[Black "Keller, Peter"]
[Result "1-0"]
[Board "107"]
[TimeControl "180+1"]
[WhiteFideId "35009192"]
[BlackFideId "1272105"]
[WhiteElo "3014"]
[BlackElo "2249"]
[WhiteTeam "IND"]
[BlackTeam "GER"]
[WhiteClock "0:02:12"]
[BlackClock "0:00:59"]

1. b3 e5 2. Bb2 Nc6 3. c4 Nf6 4. e3 d5 5. cxd5 Nxd5 6. a3 Be6 7. Qc2 a6 8. Nf3 f6 9. d3 Qd7 10. Nbd2 O-O-O 11. b4 g5 12. h3 h5 13. Ne4 Kb8 14. d4 exd4 15. Nxd4 Nxd4 16. Bxd4 Bf5 17. Bd3 Bxb4+ 18. axb4 Nxb4 19. Qb1 Nxd3+ 20. Qxd3 Rhe8 21. Rxa6 Bxe4 22. Ra8+ Kxa8 23. Qa3+ Qa4 24. Qxa4+ Kb8 25. O-O 1-0

[Event "January 9 Late 2024"]
[Site "https://www.chess.com"]
[Date "2024.01.09"]
[Round "4"]
[White "Tari, Aryan"]
[Black "Womacka, Mathias"]
[Result "1/2-1/2"]
[Board "108"]
[TimeControl "180+1"]
[WhiteFideId "1510045"]
[BlackFideId "4611390"]
[WhiteElo "2900"]
[BlackElo "2581"]
[WhiteTeam "NOR"]
[BlackTeam "GER"]
[WhiteClock "0:00:02"]
[BlackClock "0:00:08"]

1. a3 c5 2. b4 e5 3. Bb2 cxb4 4. Bxe5 Nc6 5. Bb2 Nf6 6. Nf3 d5 7. e3 bxa3 8. Nxa3 Bd6 9. Nb5 Bb8 10. Ba3 a6 11. Nbd4 Nxd4 12. Nxd4 Bd6 13. Bxd6 Qxd6 14. Be2 O-O 15. O-O Bd7 16. d3 a5 17. Qd2 b6 18. Rfb1 Rfb8 19. h3 h6 20. Rb2 Ne8 21. Bf3 Nc7 22. c4 Ra7 23. Qc2 dxc4 24. dxc4 Ne6 25. Nxe6 Bxe6 26. Rab1 Rc7 27. Be2 Rc5 28. Qc3 Qc7 29. Rb5 Rxb5 30. Rxb5 Rc8 31. c5 bxc5 32. Rxa5 c4 33. Ra1 Qd6 34. Rc1 g6 35. h4 h5 36. Qf6 Qd2 37. Rd1 Qxe2 38. Rd6 c3 39. Rxe6 fxe6 40. Qxe6+ Kg7 41. Qe7+ Kh6 42. Qg5+ Kg7 43. Qe7+ Kg8 44. Qe6+ Kg7 45. Qe7+ 1/2-1/2

[Event "January 9 Late 2024"]
[Site "https://www.chess.com"]
[Date "2024.01.09"]
[Round "4"]
[White "Brodsky, David"]
[Black "Mendez Fortes, Eduardo Jesus"]
[Result "0-1"]
[Board "109"]
[TimeControl "180+1"]
[WhiteFideId "2073250"]
[BlackFideId "3502376"]
[WhiteElo "2837"]
[BlackElo "2553"]
[WhiteTeam "USA"]
[BlackTeam "CUB"]
[WhiteClock "0:00:01"]
[BlackClock "0:00:04"]

1. b3 d5 2. Bb2 Nf6 3. e3 c5 4. Nf3 Nc6 5. Bb5 Bd7 6. O-O e6 7. d3 Be7 8. Nbd2 O-O 9. Qe2 a6 10. Bxc6 Bxc6 11. Ne5 Rc8 12. f4 Nd7 13. Nxc6 Rxc6 14. e4 Bf6 15. e5 Be7 16. f5 exf5 17. Rxf5 d4 18. Raf1 Re6 19. Nf3 Bf6 20. c3 g6 21. Rf4 Nxe5 22. Nxe5 Bxe5 23. Re4 dxc3 24. Rxe5 Rxe5 25. Qxe5 cxb2 26. Qxb2 Qxd3 27. Rc1 Qd4+ 28. Qxd4 cxd4 29. Rc7 d3 30. Rd7 Rc8 31. a4 Rc1+ 32. Kf2 Rc2+ 33. Kf3 d2 34. Ke2 b5 35. Kd1 Rb2 36. axb5 axb5 37. Rd3 Kg7 38. Rf3 f5 39. Rc3 Kf6 40. h4 h6 41. g3 g5 42. Rc6+ Kg7 43. h5 Rxb3 44. Rg6+ Kh7 45. Rf6 Rxg3 46. Rxf5 Rh3 47. Rxb5 Rxh5 48. Rb7+ Kg6 49. Kxd2 Rh4 50. Ke2 Rf4 51. Ke3 Rf6 52. Rb8 h5 53. Rg8+ Kf5 54. Kf3 h4 55. Rg7 Rg6 56. Rf7+ Ke6 57. Ra7 g4+ 58. Kf4 g3 59. Ra1 g2 60. Re1+ Kf7 61. Rg1 h3 0-1

[Event "January 9 Late 2024"]
[Site "https://www.chess.com"]
[Date "2024.01.09"]
[Round "4"]
[White "Yagupov, Igor"]
[Black "Lobanov, Sergei"]
[Result "1/2-1/2"]
[Board "110"]
[TimeControl "180+1"]
[WhiteFideId "4113632"]
[BlackFideId "24183750"]
[WhiteElo "2573"]
[BlackElo "2834"]
[WhiteTeam "RUS"]
[BlackTeam "FID"]
[WhiteClock "0:00:03"]
[BlackClock "0:00:05"]

1. e4 c6 2. d4 d5 3. e5 Bf5 4. Nf3 e6 5. Be2 h6 6. O-O Nd7 7. c3 Ne7 8. a4 g5 9. a5 a6 10. Na3 Ng6 11. Nc2 f6 12. exf6 Qxf6 13. Ne3 Bd6 14. Nxf5 exf5 15. Bd3 O-O-O 16. b4 g4 17. Nd2 Nf4 18. Nb3 Nxd3 19. Qxd3 f4 20. f3 h5 21. Nc5 Rhg8 22. Nxa6 gxf3 23. Rxf3 bxa6 24. Qxa6+ Kb8 25. Qxc6 Qg6 26. Qxd6+ Qxd6 27. Bxf4 Qxf4 28. Rxf4 Rc8 29. Rc1 Rce8 30. Rc2 Re6 31. Rf5 Nf6 32. Rcf2 Rg6 33. h3 Kb7 34. b5 Kc7 35. Kh2 Kd6 36. a6 Kc7 37. Ra2 Rg8 38. a7 Ra8 39. Ra6 Rxa6 40. bxa6 Ne8 41. Rxd5 Rxa7 42. Rxh5 Rxa6 43. c4 Ra4 44. Rc5+ Kd6 45. h4 Nc7 46. h5 Ne6 47. Rd5+ Ke7 48. Re5 Kf6 49. Re4 Rxc4 50. h6 Ng5 51. Rf4+ Kg6 52. Kg3 Kxh6 53. Kg4 Kg6 54. d5 Rc5 55. Rd4 Nh7 56. d6 Nf6+ 57. Kg3 Nd7 58. Kf4 Kf6 59. g4 Ra5 60. Ke4 Re5+ 61. Kf4 Ra5 62. Kg3 Ke5 63. Rd3 Ra4 64. Kh4 Kf6 65. Kh5 Ra5+ 66. Kh6 Ne5 67. g5+ Kf5 68. d7 Ra8 69. d8=Q Rxd8 70. Rxd8 Nf7+ 71. Kg7 Nxd8 72. g6 Ne6+ 73. Kf7 Kg5 74. g7 Nxg7 1/2-1/2

[Event "January 9 Late 2024"]
[Site "https://www.chess.com"]
[Date "2024.01.09"]
[Round "4"]
[White "Ghasi, Ameet K"]
[Black "Gurevich, Dmitry"]
[Result "1-0"]
[Board "111"]
[TimeControl "180+1"]
[WhiteFideId "409200"]
[BlackFideId "2000407"]
[WhiteElo "2757"]
[BlackElo "2532"]
[WhiteTeam "ENG"]
[BlackTeam "USA"]
[WhiteClock "0:00:51"]
[BlackClock "0:00:01"]

1. d4 Nf6 2. Nf3 e6 3. g3 b5 4. Bg2 Bb7 5. O-O Na6 6. Bg5 Be7 7. Bxf6 gxf6 8. c3 h5 9. Nbd2 f5 10. Qc2 Rb8 11. a4 b4 12. e4 fxe4 13. Nxe4 f5 14. Ned2 h4 15. Rae1 h3 16. Bh1 Qc8 17. c4 b3 18. Qd1 Nb4 19. d5 Nd3 20. Re3 Nxb2 21. Qxb3 Bxd5 22. Qc3 Rg8 23. cxd5 f4 24. Re2 Qa6 25. Rfe1 Nd3 26. dxe6 Nxe1 27. exd7+ Kd8 28. Rxe1 fxg3 29. hxg3 Qd6 30. Ne4 Qb4 31. Ne5 Qxc3 32. Nxc3 h2+ 33. Kf1 Rb6 34. Nc6+ Kxd7 35. Rxe7+ Kd6 36. Nb5+ Kc5 37. Rxc7 Rxc6 38. Rxc6+ Kb4 39. Nxa7 Rd8 1-0

[Event "January 9 Late 2024"]
[Site "https://www.chess.com"]
[Date "2024.01.09"]
[Round "4"]
[White "Kozak, Antoni"]
[Black "Tikhonov, Viacheslav"]
[Result "1-0"]
[Board "112"]
[TimeControl "180+1"]
[WhiteFideId "21832030"]
[BlackFideId "44196407"]
[WhiteElo "2751"]
[BlackElo "2527"]
[WhiteTeam "POL"]
[BlackTeam "RUS"]
[WhiteClock "0:00:35"]
[BlackClock "0:00:00"]

1. e4 c5 2. Nf3 Nc6 3. g3 e5 4. Bg2 g6 5. O-O Bg7 6. c3 Nge7 7. Na3 O-O 8. Nc2 d5 9. d3 d4 10. Bd2 dxc3 11. Bxc3 Bg4 12. h3 Bxf3 13. Qxf3 f6 14. Rfd1 Qd6 15. a3 a5 16. Ne3 Rad8 17. Nc4 Qc7 18. a4 b6 19. Qe3 Nd4 20. Rac1 Nec6 21. Kh1 Rb8 22. Rf1 Rfd8 23. f4 Bh6 24. Rcd1 Ne6 25. Qf2 exf4 26. Bxf6 fxg3 27. Qe2 Rf8 28. Qg4 Nf4 29. Rxf4 Qxf4 30. e5 Qxg4 31. hxg4 Nb4 32. g5 Bg7 33. Bh3 Bxf6 34. gxf6 Rbd8 35. Nxb6 Rxd3 36. Re1 Nc2 37. Re4 Ne3 38. Rxe3 Rxe3 39. Nd7 Re8 40. Bf1 R8xe5 41. Bc4+ Kh8 42. f7 Rf5 43. f8=Q+ Rxf8 44. Nxf8 Kg7 45. Ne6+ Kf6 46. Nxc5 Re1+ 47. Kg2 Rc1 48. b3 Ke5 49. Nd3+ Kd4 50. Nxc1 g5 51. Kxg3 h5 52. Ne2+ Kc5 53. Ng1 Kd4 54. Nh3 g4 55. Nf4 1-0

[Event "January 9 Late 2024"]
[Site "https://www.chess.com"]
[Date "2024.01.09"]
[Round "4"]
[White "Timmermans, Mark"]
[Black "Jaiveer Mahendru"]
[Result "1-0"]
[Board "113"]
[TimeControl "180+1"]
[WhiteFideId "1026399"]
[BlackFideId "25611151"]
[WhiteElo "2744"]
[BlackElo "2515"]
[WhiteTeam "NED"]
[BlackTeam "IND"]
[WhiteClock "0:00:18"]
[BlackClock "0:00:00"]

1. b4 e6 2. Bb2 Nf6 3. b5 Be7 4. c4 d5 5. e3 O-O 6. Nf3 c6 7. a4 a6 8. Be2 axb5 9. axb5 Rxa1 10. Bxa1 dxc4 11. Bxc4 cxb5 12. Bxb5 Qa5 13. Nc3 Nc6 14. O-O Rd8 15. Qb3 h6 16. d4 Nb4 17. Bc4 Nbd5 18. Rb1 Bd7 19. Bxd5 Nxd5 20. Nxd5 exd5 21. Qxb7 Bd6 22. Qb2 Bf5 23. Rc1 Rb8 24. Qe2 Qa3 25. Rd1 Bg4 26. h3 Bh5 27. Qc2 Bg6 28. Qc3 Qa4 29. Rc1 Bf5 30. Ne5 f6 31. Qc6 Qa3 32. Nf3 Be6 33. Rf1 Rc8 34. Qb5 Rb8 35. Qe2 Ra8 36. Bb2 Qa2 37. Qd2 Qb3 38. Qc3 Qb5 39. Ra1 Rb8 40. Ba3 Rc8 41. Qe1 Bb8 42. Bc5 Qd7 43. Nd2 f5 44. f4 g5 45. g3 Kh7 46. Nf3 gxf4 47. exf4 Rg8 48. Kh2 Qg7 49. Qf2 Bc8 50. Ne5 Qb7 51. Ra2 Qb3 52. Rb2 Qc3 53. Rxb8 Qc1 54. Rb2 Rxg3 55. Kxg3 1-0

[Event "January 9 Late 2024"]
[Site "https://www.chess.com"]
[Date "2024.01.09"]
[Round "4"]
[White "Stojanovski, Sandi"]
[Black "Schnaider, Ilan"]
[Result "1-0"]
[Board "114"]
[TimeControl "180+1"]
[WhiteFideId "1403249"]
[BlackFideId "169013"]
[WhiteElo "2514"]
[BlackElo "2727"]
[WhiteTeam "DEN"]
[BlackTeam "ARG"]
[WhiteClock "0:00:18"]
[BlackClock "0:00:00"]

1. d3 Nf6 2. Nf3 g6 3. g3 Bg7 4. Bg2 O-O 5. O-O d5 6. c4 Nc6 7. cxd5 Nxd5 8. a3 Bg4 9. h3 Bxf3 10. Bxf3 Qd7 11. Qb3 Nb6 12. Bg2 Nd4 13. Qd1 e5 14. Nc3 Rad8 15. Be3 c6 16. Rc1 Rfe8 17. b4 Nd5 18. Nxd5 cxd5 19. Bxd4 exd4 20. h4 Qe6 21. Rc7 Qxe2 22. Rxb7 a6 23. Ra7 Qe6 24. Qa4 Ra8 25. Rxa8 Rxa8 26. Rc1 Bh6 27. Qc6 Re8 28. Qxe6 Rxe6 29. Rc8+ Kg7 30. Bxd5 Rd6 31. Bc4 Bd2 32. Ra8 Bc1 33. Rxa6 Rxa6 34. Bxa6 Bxa3 35. b5 Bc5 36. Bb7 f5 37. f4 h6 38. Kg2 Kf6 39. Kf3 g5 40. fxg5+ hxg5 41. Bc8 g4+ 42. Kf2 Kg6 43. Ke2 Kf6 44. Kf2 Ke5 45. h5 Kf6 46. h6 Kg6 47. h7 Kxh7 48. Bxf5+ Kg7 49. Bxg4 Kf6 50. Kf3 Ke5 51. Bh5 Bb6 52. Be8 Bc5 53. Bc6 Bb6 54. Kg4 Bc5 55. Kh5 Kf6 56. g4 Kg7 57. g5 Bb6 58. Kg4 Bc5 59. Kf5 Bb6 60. Be4 Kf7 61. Ke5 Bd8 62. g6+ Kg7 63. Kxd4 Bh4 64. Kd5 Bf2 65. Kc6 Bg3 66. b6 Kf6 67. b7 Bb8 68. Kd7 Be5 69. Kc8 Ke7 70. b8=Q Bxb8 71. Kxb8 1-0

[Event "January 9 Late 2024"]
[Site "https://www.chess.com"]
[Date "2024.01.09"]
[Round "4"]
[White "Suich, Peter D"]
[Black "Niekras, Dawid"]
[Result "1/2-1/2"]
[Board "116"]
[TimeControl "180+1"]
[WhiteFideId "2050366"]
[BlackFideId "1160451"]
[WhiteElo "2474"]
[BlackElo "2707"]
[WhiteTeam "USA"]
[BlackTeam "POL"]
[WhiteClock "0:00:14"]
[BlackClock "0:00:02"]

1. d4 Nf6 2. c4 g6 3. g3 Bg7 4. Bg2 O-O 5. Nc3 c5 6. d5 e6 7. Nf3 exd5 8. cxd5 d6 9. O-O Na6 10. Bf4 Nc7 11. e4 Re8 12. Re1 Bg4 13. h3 Bxf3 14. Qxf3 Nh5 15. a4 Nxf4 16. gxf4 Qh4 17. Qg3 Qxg3 18. fxg3 a6 19. a5 Nb5 20. Na4 Nd4 21. Rad1 Re7 22. Nb6 Rd8 23. Nc4 Nb5 24. Kf1 Bd4 25. e5 Kg7 26. Re2 f6 27. e6 Kf8 28. g4 Rg7 29. Be4 Ke7 30. Bc2 Nc7 31. Be4 f5 32. Bf3 Rf8 33. g5 h6 34. h4 hxg5 35. fxg5 Rh8 36. Rh2 Rgh7 37. h5 gxh5 38. g6 Rg7 39. Rxh5 Rxg6 40. Rxf5 Rg1+ 41. Ke2 Rh2+ 42. Kd3 Rg7 43. Rf1 Ne8 44. b4 Nf6 45. bxc5 Bxc5 46. Be2 Rg3+ 47. R1f3 Rxf3+ 48. Bxf3 Ra2 49. Rg5 Ne8 50. Rh5 Nf6 51. Rh6 Rf2 52. Be2 Rf4 53. Rg6 Rd4+ 54. Kc3 Rxd5 55. Rg7+ Kxe6 56. Rxb7 Bd4+ 57. Kc2 Rc5 58. Kd3 Be5 59. Ra7 Rb5 60. Bf3 Rb3+ 61. Ke2 Bd4 62. Rxa6 Bc5 63. Nd2 Re3+ 64. Kd1 Rd3 65. Be2 Ra3 66. Bc4+ Ke5 67. Ra8 Ra1+ 68. Ke2 d5 69. Bd3 Ne4 70. Bxe4 dxe4 71. Nc4+ Kd4 72. Nd2 Ra2 73. Rd8+ Kc3 74. Rd5 Bb4 75. Ke3 Rxa5 76. Nxe4+ Kc4 77. Rxa5 Bxa5 1/2-1/2

[Event "January 9 Late 2024"]
[Site "https://www.chess.com"]
[Date "2024.01.09"]
[Round "4"]
[White "Gavrilov, Maxim"]
[Black "Leiva, Gianmarco"]
[Result "1-0"]
[Board "117"]
[TimeControl "180+1"]
[WhiteFideId "24271454"]
[BlackFideId "3804399"]
[WhiteElo "2466"]
[BlackElo "2699"]
[WhiteTeam "RUS"]
[BlackTeam "PER"]
[WhiteClock "0:00:21"]
[BlackClock "0:00:01"]

1. g3 d5 2. Bg2 c6 3. d3 Bg4 4. Nf3 Nd7 5. O-O e5 6. h3 Bh5 7. Nbd2 Bd6 8. e4 Ne7 9. c3 O-O 10. Qc2 Bc7 11. g4 Bg6 12. Nh4 Nc5 13. Nf5 dxe4 14. dxe4 f6 15. b4 Ne6 16. Nc4 Nc8 17. Be3 Qe8 18. Rfd1 Nf4 19. Bf1 Bf7 20. Bc5 Nxh3+ 21. Bxh3 Bxc4 22. Bxf8 Qxf8 23. Bf1 Be6 24. c4 g6 25. Ne3 a5 26. c5 axb4 27. Bc4 Qf7 28. Bxe6 Qxe6 29. Qb3 Qxb3 30. axb3 Rxa1 31. Rxa1 Kf7 32. Ra8 Ne7 33. Ra7 Ke6 34. Rxb7 Kd7 35. Rxb4 Kc8 36. Rc4 Ng8 37. b4 Nh6 38. f3 Nf7 39. Kf2 Ng5 40. Rc2 Ne6 41. Ra2 Kb7 42. Kg3 Ng5 43. Nc4 Ne6 44. Rh2 Ng5 45. Rd2 Kc8 46. Nd6+ Bxd6 47. Rxd6 Kc7 48. Rxf6 Kd7 49. Rd6+ Kc7 50. Kf2 Nf7 51. Rf6 Ng5 52. Ke3 Kd7 53. Rd6+ Kc7 54. f4 exf4+ 55. Kxf4 Nh3+ 56. Ke5 Nf2 57. g5 Ng4+ 58. Kf4 Nf2 59. Rf6 Nd3+ 60. Ke3 Nxb4 61. Rf7+ Kd8 62. Rxh7 Na6 63. Kd4 Nc7 64. Ke5 Ne8 65. Rf7 Nc7 66. Rf6 Na6 67. Kd6 Nb4 68. Rxg6 Ke8 69. e5 Kf7 70. Rf6+ Kg7 71. e6 Nd5 72. Rf7+ Kg6 73. Ra7 Nf4 74. e7 1-0

[Event "January 9 Late 2024"]
[Site "https://www.chess.com"]
[Date "2024.01.09"]
[Round "4"]
[White "Cilek, Bora"]
[Black "Sieciechowicz, Marcin"]
[Result "0-1"]
[Board "118"]
[TimeControl "180+1"]
[WhiteFideId "34502165"]
[BlackFideId "1130170"]
[WhiteElo "2463"]
[BlackElo "2687"]
[WhiteTeam "TUR"]
[BlackTeam "POL"]
[WhiteClock "0:00:01"]
[BlackClock "0:00:33"]

1. d4 Nf6 2. Bf4 g6 3. Nc3 d5 4. e3 Bg7 5. h4 h5 6. Be2 O-O 7. Nf3 c5 8. Nb5 Na6 9. c3 Bg4 10. Ne5 Bxe2 11. Qxe2 c4 12. O-O Nd7 13. Nxd7 Qxd7 14. Na3 Nc7 15. Bxc7 Qxc7 16. e4 e6 17. Nc2 Qf4 18. exd5 exd5 19. g3 Qd6 20. Ne3 Rae8 21. Qf3 Rd8 22. Rfe1 Bh6 23. Re2 Rfe8 24. Rae1 Re6 25. Nc2 Rde8 26. Rxe6 Rxe6 27. Rxe6 fxe6 28. Kg2 Qe7 29. b3 b5 30. Nb4 Kg7 31. Nc6 Qf6 32. Qxf6+ Kxf6 33. Nxa7 b4 34. Nb5 bxc3 35. Nxc3 Bd2 36. Nb5 Bb4 37. bxc4 dxc4 38. d5 e5 39. a3 c3 40. axb4 c2 41. Nc3 c1=Q 42. Ne4+ Ke7 43. d6+ Ke6 44. b5 Qb1 45. Ng5+ Kxd6 0-1

[Event "January 9 Late 2024"]
[Site "https://www.chess.com"]
[Date "2024.01.09"]
[Round "4"]
[White "Nilsen, Tobias Lang"]
[Black "Krishnan, Varun"]
[Result "1-0"]
[Board "119"]
[TimeControl "180+1"]
[WhiteFideId "1521624"]
[BlackFideId "5054508"]
[WhiteElo "2460"]
[BlackElo "2668"]
[WhiteTeam "NOR"]
[BlackTeam "USA"]
[WhiteClock "0:00:24"]
[BlackClock "0:00:26"]

1. e4 c6 2. Nc3 d5 3. Nf3 Bg4 4. h3 Bxf3 5. Qxf3 e6 6. d3 Nf6 7. Bd2 Be7 8. g4 a5 9. Qg3 a4 10. a3 Na6 11. f4 dxe4 12. dxe4 Nc5 13. Bg2 Qb6 14. O-O-O O-O-O 15. g5 Ne8 16. Be3 Qa5 17. Qf2 Nc7 18. f5 e5 19. f6 gxf6 20. gxf6 Bd6 21. Rxd6 Rxd6 22. Bxc5 Rd7 23. h4 Ne6 24. Be7 Rg8 25. Bh3 Nf4 26. Bxd7+ Kxd7 27. Qd2+ Kc8 28. Rd1 Ne6 29. Qd7+ Kb8 30. Bb4 Qb6 31. Qxf7 Rg1 32. Qxe6 Qe3+ 33. Kb1 Ka7 34. Qd6 Rg2 35. Bc5+ 1-0

[Event "January 9 Late 2024"]
[Site "https://www.chess.com"]
[Date "2024.01.09"]
[Round "4"]
[White "Vlassov, Nikolai"]
[Black "Musalov, Ruslan"]
[Result "0-1"]
[Board "120"]
[TimeControl "180+1"]
[WhiteFideId "4103360"]
[BlackFideId "4141490"]
[WhiteElo "2651"]
[BlackElo "2459"]
[WhiteTeam "FID"]
[BlackTeam "RUS"]
[WhiteClock "0:00:05"]
[BlackClock "0:00:08"]

1. e4 c5 2. c3 d5 3. exd5 Qxd5 4. d4 cxd4 5. cxd4 e5 6. Nf3 exd4 7. Qxd4 Nf6 8. Nc3 Qxd4 9. Nxd4 Nc6 10. Ndb5 Kd8 11. Bf4 Bd7 12. O-O-O a6 13. Nd6 Bxd6 14. Bxd6 Re8 15. Bc4 Ng4 16. Bxf7 Nxf2 17. Bxe8 Bxe8 18. Be5+ Ke7 19. Bxg7 Nxh1 20. Rxh1 Bg6 21. Rf1 Nb4 22. b3 Rc8 23. Kb2 Nd3+ 24. Ka3 b5 25. b4 a5 26. Nxb5 axb4+ 27. Ka4 Ra8+ 28. Kb3 Bf7+ 29. Kc2 Bc4 30. Bf6+ Kd7 31. a4 Rxa4 32. Rf5 Ra2+ 33. Kb1 Rxg2 34. h4 b3 35. Bd4 b2 36. Nc3 Rh2 37. Rf1 Nb4 38. Rd1 Bd3+ 39. Rxd3 Nxd3 40. Ne4 Rh1+ 41. Kc2 b1=Q+ 42. Kc3 Rc1+ 43. Kd2 Qc2+ 44. Ke3 Re1+ 45. Kf3 Qe2+ 46. Kg3 Qxe4 0-1

[Event "January 9 Late 2024"]
[Site "https://www.chess.com"]
[Date "2024.01.09"]
[Round "4"]
[White "Morales Garcia, Sergio Joshafatt"]
[Black "Ibadov, Dashgyn"]
[Result "1-0"]
[Board "121"]
[TimeControl "180+1"]
[WhiteFideId "5106249"]
[BlackFideId "24107514"]
[WhiteElo "2458"]
[BlackElo "2641"]
[WhiteTeam "MEX"]
[BlackTeam "FID"]
[WhiteClock "0:00:16"]
[BlackClock "0:00:00"]

1. d4 d5 2. c4 e6 3. Nf3 c6 4. Qc2 Nf6 5. Bf4 dxc4 6. Qxc4 b5 7. Qc2 Bb7 8. e4 Nbd7 9. Nc3 b4 10. Na4 c5 11. Bd3 Rc8 12. dxc5 Bxc5 13. O-O O-O 14. Qe2 h6 15. Rfd1 Qe7 16. Rac1 e5 17. Be3 Bxe3 18. Qxe3 Nc5 19. Rxc5 Ng4 20. Qc1 Qe6 21. h3 Nf6 22. Qc2 Qxa2 23. b3 Qxc2 24. Rxc2 Bxe4 25. Rxc8 Rxc8 26. Bxe4 Nxe4 27. Nxe5 Rc2 28. Nd3 a5 29. f3 Ng3 30. Kh2 Nf5 31. Ne5 f6 32. Ng4 1-0

[Event "January 9 Late 2024"]
[Site "https://www.chess.com"]
[Date "2024.01.09"]
[Round "4"]
[White "Janaszak, Dawid"]
[Black "Kazmaier, Daniel"]
[Result "1-0"]
[Board "122"]
[TimeControl "180+1"]
[WhiteFideId "1119206"]
[BlackFideId "2606089"]
[WhiteElo "2633"]
[BlackElo "2456"]
[WhiteTeam "POL"]
[BlackTeam "CAN"]
[WhiteClock "0:00:17"]
[BlackClock "0:00:04"]

1. d4 f5 2. h3 d5 3. Bf4 Nf6 4. Nf3 e6 5. e3 Bd6 6. Ne5 O-O 7. Nd2 c5 8. c3 Nc6 9. g4 Qc7 10. gxf5 Nxe5 11. dxe5 Bxe5 12. Bxe5 Qxe5 13. fxe6 Bxe6 14. Qa4 Ne4 15. Nxe4 dxe4 16. Rg1 Rad8 17. Bc4 Kh8 18. Bxe6 Qxe6 19. Qb3 Qxh3 20. Qxb7 Qd7 21. Qxd7 Rxd7 22. Rg4 Re8 23. Ke2 g6 24. Rh1 Kg7 25. Rhh4 Rde7 26. Rh1 Re5 27. Rd1 R8e7 28. Rd6 g5 29. Rg1 h5 30. a4 g4 31. a5 Rg5 32. c4 h4 33. Rd5 Rg6 34. Rxc5 h3 35. Rh5 Rb7 36. Rb5 Rxb5 37. cxb5 Kf7 38. b4 Ke7 39. b6 axb6 40. a6 Kd6 41. a7 Rg8 42. Rxg4 Ra8 43. Rxe4 Rxa7 44. Rh4 Kd5 45. Rxh3 Ra2+ 46. Kf3 Kc4 47. Rh4+ Kc3 48. b5 Rb2 49. Rh5 Kc4 50. e4 Kd4 51. Rd5+ Kc4 52. Ke3 Rb3+ 53. Kf4 Rb2 54. f3 Rxb5 55. Rd1 Rb2 56. e5 Re2 57. Kf5 b5 58. f4 b4 59. Ke6 b3 60. f5 b2 61. f6 Rd2 62. Rb1 Kc3 63. f7 Rf2 64. Ke7 Kd4 65. e6 Ke5 66. Re1+ Kd5 67. f8=Q Rxf8 68. Kxf8 b1=Q 69. Rxb1 Kxe6 70. Re1+ 1-0

[Event "January 9 Late 2024"]
[Site "https://www.chess.com"]
[Date "2024.01.09"]
[Round "4"]
[White "Kozin, Yuri"]
[Black "Andrews, Todd"]
[Result "1/2-1/2"]
[Board "123"]
[TimeControl "180+1"]
[WhiteFideId "4129920"]
[BlackFideId "2012456"]
[WhiteElo "2623"]
[BlackElo "2440"]
[WhiteTeam "RUS"]
[BlackTeam "USA"]
[WhiteClock "0:00:15"]
[BlackClock "0:00:05"]

1. e4 e6 2. d4 d5 3. Nc3 Bb4 4. e5 c5 5. Bd2 Ne7 6. Nb5 Bxd2+ 7. Qxd2 O-O 8. Nf3 cxd4 9. Nbxd4 Nbc6 10. O-O-O a6 11. Bd3 Nxd4 12. Nxd4 Qc7 13. Rhe1 f5 14. exf6 Rxf6 15. Qe3 Bd7 16. g3 Rc8 17. f4 b5 18. Kb1 b4 19. Nf3 Nc6 20. Ng5 h6 21. Nf3 a5 22. Bb5 Nb8 23. Bd3 Nc6 24. h4 a4 25. Bb5 a3 26. Bxc6 Qxc6 27. Nd4 Qc5 28. b3 Kh8 29. g4 Rcf8 30. Rf1 Qc7 31. Ne2 e5 32. f5 d4 33. Qd3 Rb6 34. Ng3 Bb5 35. Qd2 Bxf1 36. Rxf1 Rc8 37. Ne4 Rc6 38. Rc1 Qb7 39. Qe2 R6c7 40. f6 gxf6 41. Nxf6 Qc6 42. Ne4 Qg6 43. g5 h5 44. Rf1 Rxc2 45. Qf3 Rb2+ 46. Ka1 Rbc2 47. Kb1 Rb2+ 48. Ka1 Rbc2 49. Kb1 1/2-1/2